 Dungeon Crawl Stone Soup version 0.29-a0-284-gf9362112df (webtiles) character file.

Game seed: 9473539305761038348

102 sammy202020 the Skirmisher (level 4, 37/37 HPs)
             Began as a Demonspawn Berserker on Mar 31, 2022.
             Was a Believer of Trog.
             Quit the game on level 2 of the Dungeon.
             The game lasted 00:01:59 (1795 turns).

sammy202020 the Skirmisher (Demonspawn Berserker)   Turns: 1795, Time: 00:02:00

Health: 37/37      AC: 13    Str: 17    XL:     4   Next: 49%
Magic:  4/4        EV:  5    Int: 11    God:    Trog [**....]
Gold:   70         SH:  0    Dex: 12    Spells: 3/3 levels left

rFire   . . .      SeeInvis .   a - +0 hand axe
rCold   . . .      Faith    .   (no shield)
rNeg    . . .      Spirit   .   g - +0 plate armour
rPois   .          Reflect  .   (no helmet)
rElec   .          Harm     .   (no cloak)
rCorr   .          Rampage  .   (no gloves)
Will    .....                   (no boots)
Stlth   ..........              (no amulet)
HPRegen 0.12/turn               (no ring)
MPRegen 0.09/turn               (no ring)

@: no status effects
A: claws 1, thin metallic scales 1, ignite blood 1
a: Renounce Religion, Berserk, Trog's Hand


You were on level 2 of the Dungeon.
You worshipped Trog.
Trog was pleased with you.
You visited 1 branch of the dungeon, and saw 2 of its levels.

You collected 70 gold pieces.

Inventory:

Hand Weapons
 a - a +0 hand axe (weapon)
Missiles
 k - 3 poisoned darts (quivered)
Armour
 b - a +0 animal skin
 g - a +0 plate armour (worn)
Jewellery
 e - a ring of ice
Scrolls
 c - a scroll of noise {unknown}
 i - 3 scrolls of silence {unknown}
 j - a scroll of magic mapping {unknown}
 l - 2 scrolls of identify {unknown}
Potions
 d - 2 potions of heal wounds {unknown}
 f - a potion of brilliance {unknown}
 h - a potion of curing {unknown}


   Skills:
 * Level 3.7 Fighting
 * Level 3.4 Axes
 + Level 2.5 Armour
 + Level 2.2 Dodging
 * Level 0.4 Unarmed Combat


You had 3 spell levels left.
You didn't know any spells.
Your spell library was empty.

Dungeon Overview and Level Annotations

Branches:
Dungeon (2/15)

Altars:


Innate Abilities, Weirdness & Mutations

You have sharp fingernails.
You are partially covered in thin metallic scales. (AC +2)
Your demonic aura sometimes causes spilled blood to erupt in flames.


Message History

No target in view!
No target in view!
No target in view!
No target in view!
No target in view!
A dart slug comes into view.
A dart slug is nearby!
Found an escape hatch in the ceiling.
Found a dagger.
The dart slug completely misses you.
You hit the dart slug.
The dart slug is lightly wounded.
The dart slug launches a dart at you. The slug dart hits you.
You hit the dart slug.
The dart slug is moderately wounded.
The dart slug barely misses you.
You hit the dart slug.
The dart slug is severely wounded.
The dart slug bites you but does no damage.
You hit the dart slug.
You kill the dart slug!
Trog accepts your kill.
No target in view!
No target in view!
No target in view!
No target in view!
No target in view!
You see here a dart slug corpse.
Found a robe.
You now have 70 gold pieces (gained 6).
You see here a +0 robe.
You open the door.
There is an open door here.
Found an escape hatch in the floor.
There is an escape hatch in the floor here.
You open the door.
There is an open door here.
There is an open door here.
Found 18 stones.
Are you sure you want to abandon this character and quit the game? (Confirm with "yes".)

♣ #( ♣♣♣
. ..♣♣♣
.##
♣♣..♣♣♣
..#
♣♣♣.[♣♣
#.#
♣♣♣.♣♣
#.# ♣
♣♣.♣♣♣♣♣♣
#.# ♣♣
♣♣†♣♣.♣.♣
#@# .♣
♣......♣♣
#.# .♣
♣♣♣.....♣
#.# .♣
♣..:..♣
#.# ♣♣
♣♣...♣♣
#.# ♣♣
♣♣♣♣♣ #.#
.♣♣♣ #.#
...♣ #.#
♣♣.♣♣♣♣
#.#


There were no monsters in sight!

Vanquished Creatures
  A hound (D:2)
  2 adders (D:2)
  A dart slug (D:2)
  5 bats
  3 endoplasms
  5 giant cockroaches
  A hobgoblin (D:1)
  4 jackals (D:2)
  5 kobolds
  2 quokkas (D:1)
  5 frilled lizards
  7 goblins
  9 rats
50 creatures vanquished.

Notes
Turn   | Place    | Note
-------+----------+-------------------------------------------
     0 | D:1      | sammy202020 the Demonspawn Berserker began the quest for
                  | the Orb.
     0 | D:1      | Reached XP level 1. HP: 18/18 MP: 1/1
   254 | D:1      | Gained mutation: Your demonic aura sometimes causes spilled
                  | blood to erupt in flames. [demonic ancestry]
   254 | D:1      | Reached XP level 2. HP: 21/24 MP: 2/2
   554 | D:1      | Found a faded altar of an unknown god.
   642 | D:1      | Reached ** piety under Trog
   980 | D:1      | Gained mutation: You are partially covered in thin metallic
                  | scales. (AC +2) [demonic ancestry]
   980 | D:1      | Reached XP level 3. HP: 28/29 MP: 3/3
  1251 | D:2      | Gained mutation: You have sharp fingernails. [demonic
                  | ancestry]
  1251 | D:2      | Reached XP level 4. HP: 28/36 MP: 4/4
  1795 | D:2      | Quit the game

Illustrated notes

Levels and vault maps discovered:
D:1:      elethiomel_arrival_diamonds, layout_loops_ring,
          hellmonk_ecumenical_altar_leap_of_faith
D:2:      kb_forest_paths, layout_basic

Skill      XL: |  1  2 |
---------------+-------+-----
Armour         | 2 |  2.5
Axes           | 3 |  3.4
Dodging        | 2 |  2.2
Fighting       | |  3.7
Unarmed Combat | |  0.4

Action                   |  1- 3 |  4- 6 || total
-------------------------+-------+-------++-------
Melee: Hand axe          |   109 |    56 ||   165
Armor: Animal skin       |    13 |       ||    13
       Plate armour      |    35 |    46 ||    81
Dodge: Dodged            |    67 |    20 ||    87

Table legend: (Time is in decaauts)
 A = Elapsed time spent in this place.
 B = Non-inter-level travel time spent in this place.
 C = Inter-level travel time spent in this place.
 D = Time resting spent in this place.
 E = Time spent auto-exploring this place.
 F = Levels seen in this place.
 G = Mean time per level.
                   A        B        C        D        E       F      G
               +--------+--------+--------+--------+--------+-----+--------+
         Total |   1818 |   1741 |     77 |      0 |   1375 |   2 |  909.0 |
       Dungeon |   1818 |   1741 |     77 |      0 |   1375 |   2 |  909.0 |
               +--------+--------+--------+--------+--------+-----+--------+

Top non-repeatable levels by time:
     D:1: 1221 daAuts
     D:2: 597 daAuts
